 Dungeon Crawl Stone Soup version 0.21.1-1-g345015f (webtiles) character file.

516 tyranidshit the Charlatan (level 7, -3/54 HPs)
             Began as a Demonspawn Abyssal Knight on July 27, 2018.
             Was a Priest of Lugonu.
             Slain by Crazy Yiuf
             ... wielding a +4 quarterstaff of chaos
              (13 damage)
             ... on level 3 of the Dungeon.
             The game lasted 00:07:38 (2505 turns).

tyranidshit the Charlatan (DsAK)                    Turns: 2505, Time: 00:07:39

Health: -3/54      AC: 14    Str: 14    XL:     7   Next: 0%
Magic:  11/11      EV:  4    Int: 13    God:    Lugonu [***...]
Gold:   164        SH:  0    Dex: 13    Spells: 6/6 levels left

rFire    . . .     SeeInvis .   a - +1 hand axe
rCold    . . .     Gourm    .   (no shield)
rNeg     . . .     Faith    .   j - +1 plate armour
rPois    .         Spirit   .   (helmet restricted)
rElec    .         Reflect  .   (no cloak)
rCorr    +         Harm     .   r - +0 pair of gloves
MR       .....                  (no boots)
Stlth    ..........             o - amulet of regeneration
HPRegen  0.58/turn              i - ring of resist corrosion
MPRegen  0.12/turn              q - +1 ring of protection

@: drained
A: horns 1, mutation resistance 1, nightstalker 1, powered by death 1
a: Depart the Abyss, Bend Space, Banish, Renounce Religion


You were on level 3 of the Dungeon.
You worshipped Lugonu.
Lugonu was most pleased with you.
You were not hungry.

You visited 1 branch of the dungeon, and saw 3 of its levels.
You visited the Abyss 1 time.

You collected 164 gold pieces.

Inventory:

Hand Weapons
 a - a +1 hand axe (weapon)
 f - a +0 war axe
Armour
 b - a +0 leather armour
 g - a +1 chain mail of fire resistance
 j - a +1 plate armour (worn)
 r - a +0 pair of gloves (worn)
 u - a +0 leather armour
Magical Staves
 d - an uncursed staff of fire
Jewellery
 i - a ring of resist corrosion (left hand)
 l - an uncursed amulet of rage
 n - an uncursed ring of positive energy
 o - an amulet of regeneration (around neck)
 q - a +1 ring of protection (right hand)
Scrolls
 e - a scroll of teleportation
 k - 5 scrolls of remove curse
 m - a scroll of fear
 p - 2 scrolls of identify
Potions
 h - 2 potions of curing
Comestibles
 c - 5 rations


   Skills:
 - Level 4.3(4.0) Fighting
 - Level 1.7(1.5) Axes
 + Level 3.5(3.2) Armour
 - Level 0.8(0.6) Dodging
 - Level 2.4(2.2) Invocations
 - Level 5.5(5.3) Evocations


You had 6 spell levels left.
You didn't know any spells.

Dungeon Overview and Level Annotations

Branches:
Dungeon (3/15)

Altars:
Gozag
Kikubaaqudgha
Ru
Uskayaw
The Shining One

Annotations:
D:3 Crazy Yiuf


Innate Abilities, Weirdness & Mutations

You have a pair of small horns on your head.
You are slightly more attuned to the shadows.
You regenerate a little health from kills.
You are somewhat resistant to further mutation.


Message History

You hit Crazy Yiuf.
Crazy Yiuf is severely wounded.
Crazy Yiuf hits you but does no damage. x2; You feel drained.
You hit Crazy Yiuf.
Crazy Yiuf is almost dead.
Crazy Yiuf laughs, "Whippet testudinal childish!"
Crazy Yiuf hits you with a quarterstaff of chaos!
You convulse!
You closely miss Crazy Yiuf. Your headbutt misses Crazy Yiuf.
Crazy Yiuf is almost dead.
Crazy Yiuf hits you but does no damage.
Your plate armour prevents you from hitting Crazy Yiuf.
Crazy Yiuf is almost dead.
Crazy Yiuf twirls on the spot.
Crazy Yiuf hits you but does no damage. Space warps horribly around you!
* * * LOW HITPOINT WARNING * * *
Your plate armour prevents you from hitting Crazy Yiuf.
Crazy Yiuf is almost dead.
Crazy Yiuf hits you but does no damage.
You are electrocuted!
You die...

#..........##....###
#..........#........
#########..#........
#..#........ #####
#)########## #)..#
#.)......... #...#
#)#)..#...#. #.g.#
#........... #@#
###..)#...#. ♣.♣♣
#.......... ♣♣.♣
########### ♣.♣♣
#........ ♣♣.♣
####........ ♣♣.♣♣
#........... ♣♣...♣
#.########## ♣....♣
#.# #....# #.#


You could see Crazy Yiuf.

Vanquished Creatures
  A large abomination (Abyss:2)
  2 spatial vortices (Abyss:2)
  The ghost of tyranidshit the Skirmisher, an amateur DsAK of Lugonu (D:3)
  Jessica (D:2)
  Ijyb (D:3)
  Robin (D:2)
  4 gnolls (D:3)
  An ooze (D:2)
  A worm (D:2)
  2 dart slugs
  2 leopard geckos
  An orc (D:3)
  2 ball pythons
  3 giant cockroaches
  19 goblins
  6 hobgoblins
  14 jackals
  3 quokkas
  5 bats
  5 frilled lizards
  7 kobolds
  8 rats
90 creatures vanquished.

Notes
Turn   | Place    | Note
-------+----------+-------------------------------------------
     0 | Abyss:1  | tyranidshit the Demonspawn Abyssal Knight began the quest for the Orb.
     0 | Abyss:1  | Reached XP level 1. HP: 18/18 MP: 2/2
    36 | Abyss:2  | Noticed a large abomination
    44 | Abyss:2  | Killed a large abomination
    44 | Abyss:2  | Reached skill level 5 in Evocations
    44 | Abyss:2  | Gained mutation: You are slightly more attuned to the shadows. [demonic ancestry]
    44 | Abyss:2  | Reached XP level 2. HP: 24/24 MP: 2/5
    44 | Abyss:2  | Gained mutation: You have a pair of small horns on your head. [demonic ancestry]
    44 | Abyss:2  | Reached XP level 3. HP: 29/29 MP: 2/7
    44 | Abyss:2  | Gained mutation: You regenerate a little health from kills. [demonic ancestry]
    44 | Abyss:2  | Reached XP level 4. HP: 35/35 MP: 2/8
    44 | Abyss:2  | Reached XP level 5. HP: 41/41 MP: 2/9
    64 | Abyss:2  | Found a hide-covered altar of Uskayaw.
    82 | Abyss:2  | Noticed a spatial vortex
    84 | Abyss:2  | Noticed a spatial vortex
    86 | Abyss:2  | Killed a spatial vortex
    89 | Abyss:2  | Noticed a spatial vortex
    96 | Abyss:2  | Noticed a spatial vortex
    96 | Abyss:2  | Noticed a thrashing horror
    96 | Abyss:2  | Killed a spatial vortex
    97 | Abyss:2  | Noticed a spatial vortex
    97 | D:1      | Escaped the Abyss
   232 | D:1      | Reached * piety under Lugonu
   962 | D:2      | Reached XP level 6. HP: 39/47 MP: 10/10
  1021 | D:2      | Found an ancient bone altar of Kikubaaqudgha.
  1048 | D:2      | Reached ** piety under Lugonu
  1104 | D:2      | Found a glowing golden altar of the Shining One.
  1153 | D:2      | Noticed Jessica
  1165 | D:2      | Killed Jessica
  1397 | D:2      | Found an opulent altar of Gozag.
  1400 | D:2      | Noticed Robin
  1427 | D:2      | Killed Robin
  1729 | D:3      | Found a sacrificial altar of Ru.
  1849 | D:3      | Noticed Ijyb
  1862 | D:3      | HP: 2/48 [acid (8)]
  1863 | D:3      | Killed Ijyb
  1868 | D:3      | Gained mutation: You are somewhat resistant to further mutation. [potion of mutation]
  1899 | D:3      | Found a hide-covered altar of Uskayaw.
  1903 | D:3      | Noticed a dagger
  1903 | D:3      | Noticed a dagger
  1919 | D:3      | Noticed tyranidshit's ghost (amateur DsAK)
  1929 | D:3      | Killed tyranidshit's ghost
  2121 | D:3      | Found a runed door.
  2371 | D:3      | Reached *** piety under Lugonu
  2378 | D:3      | Reached XP level 7. HP: 38/54 MP: 11/11
  2393 | D:3      | Found a sacrificial altar of Ru.
  2498 | D:3      | Noticed Crazy Yiuf
  2505 | D:3      | Slain by Crazy Yiuf

Skill      XL: |  1  2  3  4  5  6 |
---------------+-------------------+-----
Evocations     | 5 |  5.5
Fighting       | 4 |  4.3
Armour         | 3 |  3.5
Axes           | |  1.7
Dodging        | |  0.8
Invocations    | |  2.4

Action                   |  1- 3 |  4- 6 |  7- 9 || total
-------------------------+-------+-------+-------++-------
Melee: Hand axe          |       |   242 |     8 ||   250
       Headbutt          |       |    37 |     2 ||    39
       Staff             |       |    11 |       ||    11
Invok: Depart the Abyss  |       |     1 |       ||     1
Evoke: Wand              |     3 |    10 |       ||    13
  Use: Scroll            |       |    10 |       ||    10
       Potion            |       |     5 |       ||     5
  Eat: Ration            |       |     2 |       ||     2
Armor: Chain mail        |       |    63 |       ||    63
       Plate armour      |       |   228 |     5 ||   233
Dodge: Dodged            |       |    80 |       ||    80
